Cogmind - Beta 10.2 @@@ ROGUE MODE // 2022.03.07 @ 16:53:30 Player: Yanche Result: Destroyed by S-10 Pest with Light Assault Rifle Performance ------------- Evolutions (0) 0 Regions Visited (1) 200 Robots Destroyed (10) 50 Value Destroyed (311) 311 Prototype IDs (0) 0 Alien Tech Used (0) 0 Bonus (0) 0 TOTAL SCORE: 561 Bonus ------- None Cogmind --------- Core Integrity 0/250 Matter 190/300 Energy 18/100 System Corruption 7% Temperature Cool (49) Movement Core (200) Ox3 Location -10/Materials Parts ------- > --- POWER (1) -------- (None) > --- PROPULSION (2) --- (None) > --- UTILITY (2) ------ High-capacity Storage Unit Weight Redist. System > --- WEAPON (2) ------- Assault Rifle > --- INVENTORY (12) --- Ion Engine Light Ion Engine Improved Heat Sink High-capacity Storage Unit Reclamation Unit Small Laser Grenade Launcher Peak State ------------ > --- POWER ------------ Ion Engine > --- PROPULSION ------- Compact Wheel > --- UTILITY ---------- High-capacity Storage Unit Weight Redist. System > --- WEAPON ----------- Spread Laser Assault Rifle > --- INVENTORY -------- Ion Engine Light Ion Engine Improved Heat Sink High-capacity Storage Unit Reclamation Unit Small Laser Grenade Launcher [Rating: 9] Favorites ----------- Power Ion Engine Engine Ion Engine Propulsion Compact Wheel Wheel Compact Wheel Utility High-capacity Storage Unit Device Weight Redist. System Storage High-capacity Storage Unit Weapon Assault Rifle Energy Gun Spread Laser Ballistic Gun Assault Rifle Special Weapon Mining Laser Build | -11 -10 ------- Run | Scr Mat Slots Evolved . | . . Power . | . . Propulsion . | . . Utility . | . . Weapon . | . . Parts Attached 12 | 6 6 Power 1 | 1 . Engine 1 | 1 . Core . | . . Reactor . | . . Propulsion 2 | 2 . Treads . | . . Leg . | . . Wheel 2 | 2 . Hover . | . . Flight . | . . Utility 3 | 1 2 Device 1 | . 1 Storage 2 | 1 1 Processor . | . . Hackware . | . . Protection . | . . Artifact . | . . Weapon 6 | 2 4 Energy Gun 1 | . 1 Energy Cannon . | . . Ballistic Gun 4 | 2 2 Ballistic Cannon . | . . Launcher . | . . Special Weapon 1 | . 1 Impact Weapon . | . . Slashing Weapon . | . . Piercing Weapon . | . . Special Melee Weapon . | . . Unidentified Prototypes . | . . Parts Lost 6 | . 6 Power 1 | . 1 Propulsion 2 | . 2 Utility . | . . Weapon 3 | . 3 Highest Loss Streak 4 | . 4 Average Slot Usage (%) 80 | . 80 Engine 12 | . 12 Wheel 15 | . 15 Device 9 | . 9 Storage 14 | . 14 Energy Gun 1 | . 1 Ballistic Gun 24 | . 24 Special Weapon 1 | . 1 Naked Turns . | . . Heaviest Build 44 | 12 44 Greatest Support 26 | 26 26 Greatest Overweight (x) 3 | . 3 Average Overweight (x) . | . 1 Largest Inventory Capacity 14 | 6 14 Average Capacity 11 | 5 11 Most Carried 8 | 2 8 Average Carried 6 | . 6 Final Capacity 12 | 6 12 Final Carried 7 | 2 7 Class Distribution -------------------- 100% | Mutant Dominant Class ---------------- Mutant | -10/Materials Resources | -11 -10 ----------- Run | Scr Mat Matter Collected 389 | 213 176 Remotely . | . . Salvage Created 313 | . 313 Parts 23 | . 23 Haulers Intercepted . | . . Recyclers Shooed . | . . Parts Field Recycled . | . . Retrieved Matter . | . . Parts Self-Destructed . | . . Prevented . | . . Kills | -11 -10 ------- Run | Scr Mat Combat Hostiles Destroyed 9 | . 9 Guns 9 | . 9 Classes Destroyed 3 | . 3 Operator 1 | . 1 Swarmer 1 | . 1 Grunt 8 | . 8 Best Kill Streak 5 | . 5 Combat Bots Only 4 | . 4 Max Kills in Single Turn 1 | . 1 Gunslinging . | . . Exploded . | . . Melee . | . . Uniques/NPCs Destroyed . | . . Combat | -11 -10 -------- Run | Scr Mat Damage Taken 844 | . 844 Core 255 | . 255 Absorbed by Shields . | . . Core Remaining (%) 100 | 100 . Volleys Fired 43 | . 43 Largest 2 | . 2 Hottest 120 | . 120 Shots Fired 81 | . 81 Gun 78 | . 78 Cannon . | . . Launcher . | . . Special 3 | . 3 Kinetic 67 | . 67 Thermal 14 | . 14 Explosive . | . . Electromagnetic . | . . Robot Hit Streak 11 | . 11 Robot Miss Streak 6 | . 6 Penetration Max . | . . Secondary Targets 2 | . 2 Max Gunslinging Chain 1 | . 1 Shots Hit Robots 53 | . 53 Core Hits 26 | . 26 Critical Hits . | . . Critical Kills . | . . Critical Parts Destroyed . | . . Melee Attacks . | . . Impact . | . . Slashing . | . . Piercing . | . . Sneak Attacks . | . . Combat Hostiles . | . . Follow-up Attacks . | . . Damage Inflicted 682 | . 682 Guns 679 | . 679 Cannons . | . . Explosions . | . . Melee . | . . Ramming 3 | . 3 Kinetic 547 | . 547 Thermal 132 | . 132 Explosive . | . . Electromagnetic . | . . Impact . | . . Slashing . | . . Piercing . | . . Highest Corruption 7 | . 7 Average Corruption 7 | . 7 Corruption Purged . | . . Effects 10 | . 10 Message Errors 2 | . 2 Matter Fused 4 | . 4 Heat Flow Errors 2 | . 2 Targeting Errors 2 | . 2 Overload Shots . | . . Overflow Damage . | . . Projectiles . | . . Explosions . | . . Melee . | . . Knockbacks . | . . Impact . | . . Kinetic . | . . Secondary . | . . Self-Inflicted Damage 1 | . 1 Shots . | . . Rammed 1 | . 1 Targets Rammed 1 | . 1 Kicked . | . . Crushed . | . . Highest Temperature 250 | . 250 Average Temperature 94 | . 94 Received Heat Transfer 291 | . 291 Effects 1 | . 1 Energy Bleed 1 | . 1 Siege Activations . | . . Robots Corrupted . | . . Combat Hostiles . | . . Parts Fried . | . . Impact Corruptions . | . . Robots Melted . | . . Combat Hostiles . | . . Parts Melted . | . . Heat Transferred 155 | . 155 Parts Sabotaged . | . . Parts Stolen . | . . Parts Stripped . | . . Power Chain Reactions . | . . Missiles Intercepted . | . . Alert | -11 -10 ------- Run | Scr Mat Peak Influence 220 | . 220 Initial . | . . Average 56 | . 62 Maximum Alert Level 1 | . 1 Low Security (%) 93 | 100 92 Level 1 6 | . 7 Level 2 . | . . Level 3 . | . . Level 4 . | . . Level 5 . | . . High Security . | . . Max Security . | . . Squads Dispatched 2 | . 2 Investigation . | . . Extermination . | . . Reinforcement 2 | . 2 Assault . | . . Garrison . | . . Intercept . | . . Construction Impeded . | . . Haulers Reinforced . | . . Stealth | -11 -10 --------- Run | Scr Mat Distress Signals 1 | . 1 Communications Jammed . | . . Distress Signals . | . . Times Spotted 18 | . 18 Peak Tracking Total 6 | . 6 Tactical Retreats 1 | . 1 Traps | -11 -10 ------- Run | Scr Mat Traps Triggered . | . . Indirectly . | . . Trap Hack Attempts . | . . Triggered . | . . Disarmed . | . . Reprogrammed . | . . Reused . | . . Traps Extracted . | . . Installed . | . . Triggered . | . . Machines | -11 -10 ---------- Run | Scr Mat Machines Disabled . | . . Max in Single Turn . | . . Machines Sabotaged . | . . Garrisons Compromised . | . . Overloaded Fab Kills . | . . Fab Network Shutdowns . | . . Hacking | -11 -10 --------- Run | Scr Mat Machines Accessed . | . . Terminals . | . . Fabricators . | . . Repair Stations . | . . Recycling Units . | . . Scanalyzers . | . . Garrison Access . | . . Total Hacks . | . . Successful . | . . Failed . | . . Catastrophic . | . . Database Lockouts . | . . Manual . | . . Terminals . | . . Fabricators . | . . Repair Stations . | . . Recycling Units . | . . Scanalyzers . | . . Garrison Access . | . . Terminal Hacks . | . . Fabricator Hacks . | . . Repair Station Hacks . | . . Recycling Unit Hacks . | . . Scanalyzer . | . . Garrison Access Hacks . | . . Unauthorized Hacks . | . . Terminals . | . . Fabricators . | . . Repair Stations . | . . Recycling Units . | . . Scanalyzers . | . . Garrison Access . | . . Data Cores Recovered . | . . Used . | . . Hacking Detections . | . . Full Trace Events . | . . Feedback Events . | . . Feedback Blocked . | . . Robot Schematics Acquired . | . . Robots Built . | . . Matter . | . . Time . | . . Total Robot Build Rating . | . . Part Schematics Acquired . | . . Parts Built . | . . Matter . | . . Time . | . . Total Part Build Rating . | . . Parts Repaired . | . . Time . | . . Parts Recycled . | . . Recycled Matter . | . . Retrieved Matter . | . . Retrieved Components . | . . Parts Scanalyzed . | . . Part Schematics Acquired . | . . Parts Damaged . | . . Bothacking | -11 -10 ------------ Run | Scr Mat Used RIF Installer . | . . Robots Hacked . | . . Non-combat . | . . Combat . | . . Robot Hacks Applied . | . . Relay Couplers Released . | . . Robots Rewired . | . . Allies Hacked . | . . Hacks Repelled . | . . Allies | -11 -10 -------- Run | Scr Mat Total Allies . | . . Largest Group . | . . Highest-Rated Group . | . . Highest-Rated Ally . | . . Total Orders . | . . Ally Attacks . | . . Total Damage . | . . Kills . | . . Allies Corrupted . | . . Allies Melted . | . . Intel | -11 -10 ------- Run | Scr Mat Robot Analysis Total . | . . Derelict Logs Recovered . | . . Drone Launches . | . . Drone Recoveries . | . . Exploration | -11 -10 ------------- Run | Scr Mat Turns Passed 402 | 37 365 Spaces Moved 209 | 30 179 Core 4 | 3 1 Treads . | . . Legs . | . . Wheels 205 | 27 178 Hover . | . . Flight . | . . Fastest Speed 50 | 50 90 Average Speed 106 | 87 109 Slowest Speed 200 | 100 200 Overloaded Moves . | . . Propulsion Burnouts . | . . Robots Hopped . | . . Cave-ins Triggered 1 | . 1 Exploration Rate (%) 12 | 3 22 Regions Visited 1 Branch Regions . Pre-discovered Areas . | . . Known Exits Taken . | . . Unknown Exits Taken 1 | 1 . Scrap Searched . | . . Spaces Dug 3 | . 3 Terrain Destroyed 3 | . 3 Melee . | . . Projectile 3 | . 3 AOE . | . . Terrain Rammed . | . . Walls Destroyed . | . . Machines Disabled . | . . Actions | -11 -10 --------- Run | Scr Mat Total 300 | 37 263 Wait 21 | . 21 Move 207 | 29 178 Hop . | . . Pick Up 11 | 2 9 Fast Attach 7 | 6 1 Attach 5 | . 5 Detach 2 | . 2 Swap . | . . Drop 2 | . 2 Fire 43 | . 43 Melee . | . . Ram 1 | . 1 Kick . | . . Crush . | . . Escape Stasis 1 | . 1 Rewire . | . . Trap . | . . Miscellaneous . | . . Route ------- -11/Scrapyard -10/Materials History --------- Turn | Location | Event 4 | -11/Scrapyard | Discovered new exit (range 15) 38 | -11/Scrapyard | Entered Materials 96 | -10/Materials | Crushed by falling debris 307 | -10/Materials | Build established: Mutant 383 | -10/Materials | Core integrity fell below 50% 397 | -10/Materials | Core integrity fell below 20% 403 | -10/Materials | Destroyed by S-10 Pest with Light Assault Rifle Last Messages --------------- System corrupted: Matter fused (-10). Ion Engine destroyed. G-34 Mercenary destroyed. U-05 Engineer lays Concrete. Com. Wheel destroyed. K-01 Serf collects debris. Overheating: Energy bleed (-5). K-01 Serf collects debris. Spread Laser destroyed. K-01 Serf collects debris. R-06 Scavenger collects Ion Engine. K-01 Serf collects debris. R-06 Scavenger collects Ion Engine. S-10 Pest destroyed. K-01 Serf collects debris. Acquired 12 matter. K-01 Serf collects debris. R-06 Scavenger collects Flight Unit. K-01 Serf collects debris. Slammed into K-01 Serf. Map ----- +----------------------------------------------------+ | ?????????????????????????????????????????????????? | | ?????????????????????????????????????????????????? | | ?????????????????????????????????????????????????? | | ?????????????????????????????????????????????????? | | ?????????????????????????????????????????????????? | | ?????????????????????????????????????????????????? | | ?????????????????????????????????????????????????? | | ?????????????????????????????????????????????????? | | ?????????????????????????????????????????????????? | | ?????????????????????????????????????????????????? | | ?????????????????????????????????????????????????? | | ?????????????????????????????????????????????????? | | ?????????????????????###?????????????????????????? | | ?????????????????????# ?????????????????????????? | | ??????????????????? ?# ?????????????????????????? | | ???????????????????? # !?????????????????????????? | | ???????????????????? # ?????????????????????????? | | ?????????????????????+ ?????#######????????????? | | ?????????????????????# ?????# #????????????? | | ?????????????????????# ?????# """ #????????????? | | ?????????????????????# ?????# "T" #????????????? | | ?????????????????????? *?????# #????????????? | | ???????????????????????#g########+################ | | ???????????????????????#%!=% #[ | | ???????????????????????#=%%= # ! | | ?????????????????#=== #t@ * # """ | | ?????????????????#=== /k%rk s +=*""" | | ?????????????????#== # ################# # """ | | ?????????????????#####?#+????????????????# # | | ??????????????????????? ?????????????????# ####### | | ?????????????????????? ??????????????????# #?????? | | ????????????????????? ???????????????????# #?????? | | ????????????????????+ ??????????####?????# #?????? | | ??????????????????? #??????????##!!#?????# #?????? | | ??????????????????? ???????????#! ####### #?????? | | ?????????????????? ????????????#! #?????? | | ????????????????? ?????????????#! ####### #?????? | | ???????????????????????????????#! #?????# #?????? | | ???????????????????????????????##!!#?????# #?????? | | ???????????????????????????????########??# ####### | | ???????????????????????????????# #### ## | | ???????????????????????????????# + ## """ | | ???????????????????????????????# """" # ## """ | | ???????????????????????????????# """" # ## """ | | ???????????????????????????????# """" + ## | | ???????????????????????????????# #### ## | | ???????????????????????????????########### ## | | ????????????????????????????????# # ## | | ????????????????????????????????# # ######+ | | ????????????????????????????????# # #### | +----------------------------------------------------+ Best States ------------- Heat Dissipation 25 Energy Generation 10 Energy Capacity 250 Matter Stores 274 Matter Capacity 300 Sight Range 16 Terrain Scan Density 10 Additional Mass Support 6 Evasion (%) 42 Item Schematics ----------------- None Robot Schematics ------------------ None Fabricated ------------ Nothing Alien Tech Used ----------------- None Achievements -------------- None Challenges ------------ None Game ------ Seed LightpackGreatInverter Manual? 0 Play Time 00:07:36 Cumulative 40.6 hours Start 2022.03.07 @ 16:47:43 End 2022.03.07 @ 16:53:30 Sessions 1 Manual Loads 0 Difficulty Rogue Special Mode None Game No. 29 Rogue 19 Adventurer 0 Explorer 10 Win Type - Total 0 Types 0/0/0/0/0/0/0/0/0 Lore% 35 Gallery% 38 Achievement% 25 Wizard Run 0 Options --------- ASCII 0 Keyboard 0 Movement Numpad Keybinds 0 Fullscreen 1 Font 18/SmallcapsGlow Map View 76x50 Tactical HUD 0 Map Filters NONE Filters NONE Steam 1 RUN: 10b7126e-ef5e-4a54-a6f7-9ffd20441f13